 Dungeon Crawl Stone Soup version 0.19-a0-1493-gd0fcaa6 (webtiles) character file.

200 PurpleRed the Conjurer (level 5, -3/28 HPs)
             Began as a Deep Elf Conjurer on Sept 9, 2016.
             Slain by an orc (5 damage)
             ... on level 4 of the Dungeon.
             The game lasted 00:08:08 (1206 turns).

PurpleRed the Conjurer (Deep Elf Conjurer)          Turns: 1206, Time: 00:08:09

Health: -3/28      AC:  4    Str:  8    XL:     5   Next: 48%
Magic:  2/14       EV: 13    Int: 21    God:
Gold:   140        SH:  0    Dex: 17    Spells: 4 memorised, 1 level left

rFire  . . .     SeeInvis .     d - +0 short sword
rCold  . . .     Gourm    .     a - +0 robe
rNeg   . . .     Faith    .     (no shield)
rPois  .         Spirit   .     (no helmet)
rElec  .         Dismiss  .     z - +0 cloak
rCorr  .         Reflect  .     (no gloves)
MR     .....     Harm     .     p - +0 pair of boots
Stlth  ++........               (no amulet)
                                q - +3 ring of strength
                                u - +2 ring of dexterity

@: no status effects
A: no striking features
a: no special abilities


You were on level 4 of the Dungeon.
You were very hungry.

You visited 1 branch of the dungeon, and saw 5 of its levels.

You collected 140 gold pieces.

Inventory:

Hand Weapons
 d - a +0 short sword (weapon)
Armour
 a - a +0 robe (worn)
 p - a +0 pair of boots (worn)
 z - a +0 cloak (worn)
Magical Staves
 y - an uncursed staff of summoning
Jewellery
 m - an uncursed ring of resist corrosion
 q - a +3 ring of strength (right hand)
 u - a +2 ring of dexterity (left hand)
Scrolls
 e - a scroll of blinking {unknown}
 f - a scroll of teleportation {unknown}
 g - a scroll of magic mapping {unknown}
 j - a scroll of amnesia {unknown}
 k - a scroll of remove curse {unknown}
 n - a scroll of noise {unknown}
 t - 3 scrolls of enchant armour {unknown}
 v - a scroll of identify {unknown}
Potions
 o - a potion of heal wounds {unknown}
 r - a potion of brilliance {unknown}
 s - a potion of invisibility {unknown}
Books
 b - a book of Conjurations

   Spells                             Type                      Level
   a - Magic Dart                     Conjuration                  1
   b - Searing Ray                    Conjuration                  2
   c - Dazzling Spray                 Conjuration/Hexes            3
   d - Fulminant Prism                Conjuration/Hexes            4
   e - Iskenderun's Mystic Blast      Conjuration                  4
   f - Iskenderun's Battlesphere      Conjuration/Charms           5
Comestibles
 c - 3 bread rations
 h - a beef jerky
 i - a meat ration
 l - a royal jelly
 x - a slice of pizza


   Skills:
 - Level 2.4 Dodging
 - Level 2.4 Stealth
 + Level 4.7 Spellcasting
 * Level 6.8 Conjurations
 + Level 0.0 Charms


You had one spell level left.
You knew the following spells:

 Your Spells              Type           Power        Failure   Level  Hunger
a - Magic Dart            Conj           ####         1%          1    None
b - Searing Ray           Conj           ####..       1%          2    #......
c - Iskenderun's Mystic   Conj           ####....     10%         4    ####...
d - Iskenderun's Battles  Conj/Chrm      ###.....     78%         5    ######.


Dungeon Overview and Level Annotations

Branches:
Dungeon (5/15)
 Temple: D:4-7

Altars:


Message History

* * * LOW HITPOINT WARNING * * *
You are feeling very hungry.
A giant gecko comes into view.
A giant cockroach comes into view.
Found 9 gold pieces.
The giant gecko hisses angrily.
The orc closely misses you.
Put on which piece of jewellery? (? for menu, Esc to quit)
Okay, then.
You open the door. The giant gecko bites you.
* * * LOW HITPOINT WARNING * * *
There is an open door here.
You open the door. The orc completely misses you.
Casting: Magic Dart
Confirm with . or Enter, or press ? or * to list all spells.
Aiming: Searing Ray
Press: ? - help, Shift-Dir - straight line, f/p - orc
Aim: an orc, wearing a ring mail The searing ray hits the orc.
The orc hits you.
You die...

..................##.......#
.......(..........##.......#
<.......................####
........................#
........................####
............................#
........o...........%.s.....#
#.....#.#.#....###............
#.....#...(....'@ol..$...#####
#.#### #.......###.......#
..### #######+#


You could see an orc, a giant gecko and a giant cockroach (sleeping).

Vanquished Creatures
  A phantom (D:4)
  A hound skeleton (D:4)
  4 adders
  A worm (D:4)
  An adder skeleton (D:4)
  A dart slug (D:1)
  6 orcs
  3 giant cockroaches
  4 goblins
  7 hobgoblins
  4 jackals (D:3)
  6 kobolds
  2 quokkas
  2 ball pythons (D:4)
  4 bats
  7 giant newts
  2 rats
56 creatures vanquished.

Notes
Turn   | Place    | Note
-------+----------+-------------------------------------------
     0 | D:1      | PurpleRed the Deep Elf Conjurer began the quest for the Orb.
     0 | D:1      | Reached XP level 1. HP: 10/10 MP: 6/6
    61 | D:1      | Reached XP level 2. HP: 11/15 MP: 1/8
   117 | D:2      | Learned a level 2 spell: Searing Ray
   154 | D:1      | Reached skill level 5 in Conjurations
   388 | D:2      | Reached XP level 3. HP: 11/19 MP: 1/10
   713 | D:3      | Reached XP level 4. HP: 16/24 MP: 0/12
   952 | D:4      | Reached skill level 6 in Conjurations
   982 | D:5      | Entered Level 5 of the Dungeon
  1025 | D:4      | Noticed a phantom
  1114 | D:4      | Killed a phantom
  1114 | D:4      | Reached XP level 5. HP: 14/28 MP: 0/14
  1120 | D:4      | Learned a level 4 spell: Iskenderun's Mystic Blast
  1126 | D:4      | Learned a level 5 spell: Iskenderun's Battlesphere
  1206 | D:4      | Slain by an orc

Vault maps used:
D:1:      minmay_arrival_shattered_statue
D:2:      kennysheep_big_flooded_room, uniq_jessica
D:3:      first_bread
D:4:      lemuel_castle_with_subvaults, uniq_grinder
D:5:      minmay_small_thing

Skill      XL: |  1  2  3  4 |
---------------+-------------+-----
Conjurations   | 5 6 |  6.8
Spellcasting   | 4 |  4.7
Dodging        | |  2.4
Stealth        | |  2.4

Action                   |  1- 3 |  4- 6 || total
-------------------------+-------+-------++-------
Melee: Short sword       |    26 |    14 ||    40
       Staff             |       |     4 ||     4
 Cast: Magic Dart        |    49 |    19 ||    68
       Searing Ray       |     5 |     8 ||    13
  Use: Potion            |     1 |       ||     1
 Stab: Sleeping          |     4 |       ||     4
Armor: Robe              |    13 |     9 ||    22
Dodge: Dodged            |    42 |    16 ||    58
